 Dungeon Crawl Stone Soup version 0.24.0-125-gc4c63601f3 (webtiles) character file.

Game seed: 4305490976253906309, levelgen mode: deterministic

66 lop0506 the Conjurer (level 3, -3/26 HPs)
             Began as a Demigod Conjurer on Mar 22, 2020.
             Slain by a gnoll
             ... wielding a +0 halberd
              (12 damage)
             ... on level 2 of the Dungeon.
             The game lasted 00:14:52 (1286 turns).

lop0506 the Conjurer (Demigod Conjurer)             Turns: 1286, Time: 00:14:53

Health: -3/26      AC:  3    Str: 11    XL:     3   Next: 69%
Magic:  2/9        EV: 12    Int: 21    God:
Gold:   72         SH:  0    Dex: 16    Spells: 4/7 levels left

rFire    . . .     SeeInvis .   h - -1 spear (curse)
rCold    . . .     Gourm    .   (no shield)
rNeg     . . .     Faith    .   a - +1 robe
rPois    .         Spirit   .   (no helmet)
rElec    .         Reflect  .   (no cloak)
rCorr    .         Harm     .   (no gloves)
MR       .....                  (no boots)
Stlth    ++........             (no amulet)
HPRegen  0.08/turn              e - -3 ring of slaying (curse)
MPRegen  0.11/turn              (no ring)

@: no status effects
A: high mp 1
a: no special abilities


You were on level 2 of the Dungeon.
You were not hungry.

You visited 1 branch of the dungeon, and saw 2 of its levels.

You collected 72 gold pieces.

Inventory:

Hand Weapons
 d - a +0 dagger
 h - a cursed -1 spear (weapon)
 i - a +0 dagger
 j - a +2 dagger of protection
 k - a cursed -2 short sword
Armour
 a - a +1 robe (worn)
 f - a +0 chain mail
Jewellery
 e - a cursed -3 ring of slaying (left hand)
Scrolls
 g - a scroll of immolation
Potions
 l - a potion of flight {unknown}
Comestibles
 c - 2 rations
 m - a chunk of flesh


   Skills:
 + Level 1.9 Dodging
 - Level 1.7 Stealth
 * Level 2.6 Spellcasting
 + Level 4.4 Conjurations


You had 4 spell levels left.
You knew the following spells:

 Your Spells              Type           Power        Failure   Level  Hunger
a - Magic Dart            Conj           ###.         2%          1    None
b - Searing Ray           Conj           ###...       3%          2    ##.....

Your spell library contained the following spells:

 Spells                   Type           Power        Failure   Level  Hunger
 Dazzling Spray           Conj/Hex       ##....       17%         3    ###....
 Iskenderun's Mystic Bla  Conj           ###.....     22%         4    ####...
 Force Lance              Conj/Tloc      ##......     50%         4    ####...
 Fulminant Prism          Conj/Hex       ##........   50%         4    ####...


Dungeon Overview and Level Annotations

Branches:
Dungeon (2/15)


Innate Abilities, Weirdness & Mutations

You have an increased reservoir of magic. (+10% MP)


Message History

The magic dart hits the gnoll.
The gnoll is moderately wounded.
The gnoll closely misses you.
Casting: Magic Dart (safe; 2% risk of failure)
Confirm with . or Enter, or press ? or * to list all spells.
Aiming: Magic Dart (safe; 2% risk of failure)
Press: ? - help, Shift-Dir - straight line, f/p - gnoll
Aim: a gnoll, wielding a +0 whip (moderately wounded)
The magic dart hits the gnoll.
The gnoll is severely wounded.
The gnoll hits you with a +0 whip. The gnoll misses you.
Casting: Magic Dart (safe; 2% risk of failure)
Confirm with . or Enter, or press ? or * to list all spells.
Aiming: Magic Dart (safe; 2% risk of failure)
Press: ? - help, Shift-Dir - straight line, f/p - gnoll
Aim: a gnoll, wielding a +0 whip (severely wounded)
The magic dart hits the gnoll.
You kill the gnoll!
The gnoll hits you from afar with a +0 halberd!
You die...

#................g
#.################
#.........# #..
#.....รท...# #.#
#.........# #.#
#.........###.####
#.(.#######..(....
#.### #####.#.####
#@#####...........
###()g........#.####
#...#####.#####.##
#.#.##...........#
#.#.##.##.......##
#.#.##.##.#.....#
#.#.......#.######
#.####...>.......+
#.........#.##.#.#


You could see a gnoll.

Vanquished Creatures
  3 gnolls (D:2)
  A worm (D:2)
  A dart slug (D:1)
  A leopard gecko (D:1)
  3 bats
  4 goblins
  4 hobgoblins (D:1)
  2 jackals (D:1)
  4 frilled lizards (D:1)
  5 kobolds
  5 rats
33 creatures vanquished.

Notes
Turn   | Place    | Note
-------+----------+-------------------------------------------
     0 | D:1      | lop0506 the Demigod Conjurer began the quest for the Orb.
     0 | D:1      | Reached XP level 1. HP: 14/14 MP: 5/5
   137 | D:1      | Reached skill level 4 in Conjurations
   196 | D:1      | Reached XP level 2. HP: 20/20 MP: 2/7
   891 | D:2      | Learned a level 2 spell: Searing Ray
   991 | D:2      | Reached XP level 3. HP: 25/26 MP: 1/8
  1286 | D:2      | Slain by a gnoll

Levels and vault maps discovered:
D:1:      sevenhm_arrival_forest_fort_small_3, layout_basic
D:2:      layout_basic, overflow_temple_1_default,
          gammafunk_temple_overflow_wave, lemuel_round_altar, uniq_terence

Skill      XL: |  1  2 |
---------------+-------+-----
Conjurations   | 4 |  4.4
Spellcasting   | 2 |  2.6
Dodging        | |  1.9
Stealth        | |  1.7

Action                   || total
-------------------------++-------
Melee: Dagger            ||     4
 Cast: Magic Dart        ||    93
       Searing Ray       ||     2
  Use: Scroll            ||     3
       Potion            ||     1
  Eat: Chunk             ||     2
Armor: Robe              ||     1
Dodge: Dodged            ||    18
